 Dungeon Crawl Stone Soup version 0.29-a0-96-g93358da72b (webtiles) character file.

Game seed: 5171143760892659719

45 cyrus the Shield-Bearer (level 3, -5/35 HPs)
             Began as a Gnoll Fighter on Feb 11, 2022.
             Was a Follower of Okawaru.
             Slain by a gnoll (10 damage)
             ... on level 2 of the Dungeon.
             The game lasted 00:03:37 (1156 turns).

cyrus the Shield-Bearer (Gnoll Fighter)             Turns: 1156, Time: 00:03:38

Health: -5/35      AC:  9    Str: 17    XL:     3   Next: 64%
Magic:  2/4        EV: 11    Int:  7    God:    Okawaru [*.....]
Gold:   25         SH:  6    Dex: 11    Spells: 3/3 levels left

rFire   . . .      SeeInvis .   i - +2 mace (holy)
rCold   . . .      Faith    .   c - +0 buckler
rNeg    . . .      Spirit   .   b - +0 scale mail
rPois   .          Reflect  .   (no helmet)
rElec   .          Harm     .   (no cloak)
rCorr   .          Rampage  .   (no gloves)
Will    .....                   (no boots)
Stlth   ++........              (no amulet)
HPRegen 0.11/turn               (no ring)
MPRegen 0.09/turn               (no ring)

@: mighty, heroic
A: fangs 1, strong nose, distributed training
a: Renounce Religion, Heroism


You were on level 2 of the Dungeon.
You worshipped Okawaru.
Okawaru was aware of your devotion.
You visited 1 branch of the dungeon, and saw 2 of its levels.

You collected 25 gold pieces.

Inventory:

Hand Weapons
 a - a +0 long sword
 i - a +2 mace of holy wrath (weapon)
Armour
 b - a +0 scale mail (worn)
 c - a +0 buckler (worn)
Scrolls
 e - a scroll of blinking {unknown}
 g - a scroll of enchant armour {unknown}
 h - a scroll of holy word {unknown}
Potions
 d - 2 potions of might
 f - a potion of lignification {unknown}


   Skills:
 + Level 6.5(11.5) Fighting
 + Level 0.9(5.9) Short Blades
 + Level 4.5(9.5) Long Blades
 + Level 0.9(5.9) Axes
 + Level 0.9(5.9) Maces & Flails
 + Level 0.9(5.9) Polearms
 + Level 0.9(5.9) Staves
 + Level 0.9(5.9) Slings
 + Level 0.9(5.9) Bows
 + Level 0.9(5.9) Crossbows
 + Level 0.9(5.9) Throwing
 + Level 6.5(11.5) Armour
 + Level 0.9(5.9) Dodging
 + Level 0.9(5.9) Stealth
 + Level 6.5(11.5) Shields
 + Level 0.9(5.9) Unarmed Combat
 + Level 0.9 Spellcasting
 + Level 0.6 Conjurations
 + Level 0.6 Hexes
 + Level 0.6 Summonings
 + Level 0.6 Necromancy
 + Level 0.6 Translocations
 + Level 0.6 Transmutations
 + Level 0.6 Fire Magic
 + Level 0.6 Ice Magic
 + Level 0.6 Air Magic
 + Level 0.6 Earth Magic
 + Level 0.6 Poison Magic
 + Level 1.0 Invocations
 + Level 0.9 Evocations


You had 3 spell levels left.
You didn't know any spells.
Your spell library was empty.

Dungeon Overview and Level Annotations

Branches:
Dungeon (2/15)

Altars:
Hepliaklqana
Okawaru

Annotations:
D:2 1 runed translucent door, Crazy Yiuf


Innate Abilities, Weirdness & Mutations

You have very sharp teeth.
Your uncanny sense of smell can sniff out nearby items.
Your experience applies equally to all skills.


Message History

Found a stone staircase leading up.
A kobold comes into view. It is wielding a +0 whip.
The kobold shouts!
You miss the kobold. The kobold hits you but does no damage.
You hit the kobold.
You kill the kobold!
Okawaru accepts your kill.
Things that are here:
a +0 whip; 3 stones; a kobold corpse A ball python comes into view.
The ball python hisses angrily.
Found 20 arrows.
You completely miss the ball python. You block the ball python's attack.
The ball python grabs you. The ball python constricts you.
The ball python bites you but does no damage.
The ball python constricts you.
You hit the ball python.
You kill the ball python!
Okawaru accepts your kill. 2 gnolls come into view.
The gnoll shouts!
A gnoll comes into view. It is wielding a +0 spear.
The gnoll shouts!
You feel very mighty all of a sudden.
A rat comes into view.
An adder comes into view.
The adder hisses angrily.
The gnoll hits you with a +0 halberd. The gnoll hits you with a +0 flail.
The gnoll hits you with a +0 spear.
You bludgeon the gnoll!!
You kill the gnoll!
Okawaru accepts your kill. The gnoll hits you with a +0 halberd!
The gnoll hits you with a +0 spear.
* * * LOW HITPOINT WARNING * * *
The gnoll hits you with a +0 halberd.
* * * LOW HITPOINT WARNING * * *
A bat comes into view.
Your Invocations skill increases to level 1!
You gain the combat prowess of a mighty hero.
The gnoll barely misses you. The gnoll hits you with a +0 halberd!
You die...

#...#....... ...
+...+.......
...######...#.......
#......(...#.).####
#..........#...#
#..........#...#
+..............# ##
#........###...# #.
#g@......# #...# #.
.....Sg).######
#...# #) .........#
##### ## .....r...#
.........#
..........
b.........
...........


You could see 2 gnolls, an adder, a bat and a rat.

Vanquished Creatures
  A gnoll (D:2)
  An adder (D:2)
  A dart slug (D:1)
  3 ball pythons
  2 giant cockroaches (D:1)
  3 goblins (D:1)
  3 hobgoblins
  4 kobolds
  A bat (D:1)
  A frilled lizard (D:1)
  6 rats (D:1)
26 creatures vanquished.

Notes
Turn   | Place    | Note
-------+----------+-------------------------------------------
     0 | D:1      | cyrus the Gnoll Fighter began the quest for the Orb.
     0 | D:1      | Reached XP level 1. HP: 23/23 MP: 1/1
   177 | D:1      | Reached XP level 2. HP: 29/29 MP: 2/2
   257 | D:1      | Found a faded altar of an unknown god.
   275 | D:1      | Prayed at the altar of an unknown god.
   275 | D:1      | Became a worshipper of Warmaster Okawaru
   275 | D:1      | Reached * piety under Okawaru
   876 | D:2      | Found a hazy altar of Hepliaklqana.
   886 | D:2      | Reached XP level 3. HP: 21/35 MP: 3/3
  1099 | D:2      | Found a runed translucent door.
  1100 | D:2      | Noticed Crazy Yiuf
  1156 | D:2      | Reached skill level 1 in Invocations
  1156 | D:2      | Slain by a gnoll

Illustrated notes

Levels and vault maps discovered:
D:1:      dpeg_arrival_ratfight, layout_basic, basic_ecumenical_altar,
          minivault_25
D:2:      layout_basic, basic_altar, uniq_crazy_yiuf_cottage

Skill      XL: |  1  2  3 |
---------------+----------+-----
Invocations    | 1 |  1.0
Fighting       | |  6.5
Short Blades   | |  0.9
Long Blades    | |  4.5
Axes           | |  0.9
Maces & Flails | |  0.9
Polearms       | |  0.9
Staves         | |  0.9
Slings         | |  0.9
Bows           | |  0.9
Crossbows      | |  0.9
Throwing       | |  0.9
Armour         | |  6.5
Dodging        | |  0.9
Stealth        | |  0.9
Shields        | |  6.5
Unarmed Combat | |  0.9
Spellcasting   | |  0.9
Conjurations   | |  0.6
Hexes          | |  0.6
Summonings     | |  0.6
Necromancy     | |  0.6
Translocations | |  0.6
Transmutations | |  0.6
Fire Magic     | |  0.6
Ice Magic      | |  0.6
Air Magic      | |  0.6
Earth Magic    | |  0.6
Poison Magic   | |  0.6
Evocations     | |  0.9

Action                   || total
-------------------------++-------
Melee: Long sword        ||    75
       Bite              ||     2
       Mace              ||     5
Invok: Heroism           ||     1
  Use: Potion            ||     1
Armor: Scale mail        ||    59
Dodge: Dodged            ||    38
Block: Buckler           ||    29

Table legend: (Time is in decaauts)
 A = Elapsed time spent in this place.
 B = Non-inter-level travel time spent in this place.
 C = Inter-level travel time spent in this place.
 D = Time resting spent in this place.
 E = Time spent auto-exploring this place.
 F = Levels seen in this place.
 G = Mean time per level.
                   A        B        C        D        E       F      G
               +--------+--------+--------+--------+--------+-----+--------+
         Total |   1172 |   1172 |      0 |    154 |    698 |   2 |  586.0 |
       Dungeon |   1172 |   1172 |      0 |    154 |    698 |   2 |  586.0 |
               +--------+--------+--------+--------+--------+-----+--------+

Top non-repeatable levels by time:
     D:1: 878 daAuts
     D:2: 294 daAuts
